 Dungeon Crawl Stone Soup version 0.20-a0-1086-g4bd2f5b (webtiles) character file.

62522 HAL9000 the Severer (level 15, -3/97 HPs)
             Began as a Gargoyle Berserker on May 1, 2017.
             Was the Champion of Trog.
             Slain by a red ugly thing (34 damage)
             ... on level 13 of the Dungeon.
             The game lasted 01:05:19 (20439 turns).

HAL9000 the Severer (Gargoyle Berserker)           Turns: 20439, Time: 01:05:19

Health: -3/97      AC: 26    Str: 24    XL:     15   Next: 6%
Magic:  15/15      EV:  9    Int: 10    God:    Trog [******]
Gold:   1205       SH:  0    Dex: 17    Spells: 12/14 levels left

rFire    x . .     SeeInvis +   D - +9 broad axe of the Wasp {chop, +Inv rF- Dex+4 SInv}
rCold    + . .     Gourm    .   (no shield)
rNeg     + . .     Faith    +   E - +4 chain mail {rF+}
rPois    ∞         Spirit   .   z - +2 hat
rElec    +         Reflect  .   U - +0 cloak {+Inv}
rCorr    .         Harm     .   r - +0 pair of gloves
MR       +++..                  Q - +0 pair of boots
Stlth    ..........             I - amulet of faith
Regen    1.3/turn               X - ring "Ophezxi" {Wiz rPois Dex+3}
MPRegen  0.2/turn               R - ring of ice

@: corroded, regenerating
A: big wings, negative energy resistance 1, electricity resistance, unbreathing,
petrification resistance, rot immunity, AC +11
a: Fly, Berserk, Trog's Hand, Brothers in Arms, Burn Spellbooks, Renounce
Religion, Evoke Invisibility


You were on level 13 of the Dungeon.
You worshipped Trog.
Trog was exalted by your worship.
You were hungry.

You visited 2 branches of the dungeon, and saw 20 of its levels.

You collected 1517 gold pieces.
You spent 312 gold pieces at shops.

Inventory:

Hand Weapons
 D - the +9 broad axe of the Wasp (weapon) {chop, +Inv rF- Dex+4 SInv}
   (You found it on level 9 of the Dungeon)

   It inflicts extra damage upon your enemies.
   It affects your dexterity (+4).
   It makes you vulnerable to fire.
   It lets you see invisible.
   It lets you turn invisible.
Missiles
 h - 8 poisoned javelins
 n - 3 javelins (quivered)
 q - 4 throwing nets
 M - 3 javelins of returning
 V - 4 tomahawks of returning {god gift}
 Y - 8 tomahawks
Armour
 r - a +0 pair of gloves (worn)
 z - a +2 hat (worn)
 E - a +4 chain mail of fire resistance (worn)
 Q - a +0 pair of boots (worn)
 U - a +0 cloak of invisibility (worn)
Jewellery
 I - an amulet of faith (around neck)
 R - a ring of ice (right hand)
 X - the ring "Ophezxi" (left hand) {Wiz rPois Dex+3}
   (You found it on level 2 of the Lair of Beasts)

   [ring of wizardry]

   It improves your spell success rate.
   It affects your dexterity (+3).
   It protects you from poison.
Wands
 l - a wand of scattershot (4/9)
 s - a wand of confusion (31/48)
 v - a wand of scattershot (0/9)
 B - a wand of confusion (23/48)
 H - a wand of iceblast (8/15)
Scrolls
 b - 4 scrolls of identify
 g - 2 scrolls of blinking
 w - 2 scrolls of magic mapping
 C - 5 scrolls of remove curse
 F - a scroll of silence {unknown}
 J - 5 scrolls of teleportation
 S - 5 scrolls of fog
 T - a scroll of fear
Potions
 e - 6 potions of might {unknown}
 f - 3 potions of heal wounds {unknown}
 i - 3 potions of haste
 o - 12 potions of curing
 p - 2 potions of berserk rage {unknown}
 u - 2 potions of ambrosia {unknown}
 x - a potion of cancellation {unknown}
 K - 2 potions of flight {unknown}
 L - 2 potions of degeneration {unknown}
 N - 4 potions of agility
 O - a potion of magic {unknown}
 P - 4 potions of brilliance
Books
 W - a book of Transfigurations

   Spells                             Type                      Level
   a - Irradiate                      Conjuration/Transmutation    5
   b - Statue Form                    Transmutation/Earth          6
   c - Hydra Form                     Transmutation                6
   d - Dragon Form                    Transmutation                7
   Trog disapproves of the use of such an item.
 Z - a book of Necromancy

   Spells                             Type                      Level
   a - Pain                           Necromancy                   1
   b - Animate Skeleton               Necromancy                   1
   c - Vampiric Draining              Necromancy                   3
   d - Regeneration                   Charms/Necromancy            3
   e - Animate Dead                   Necromancy                   4
   f - Control Undead                 Necromancy                   4
   Trog disapproves of the use of such an item.
Miscellaneous
 k - a lightning rod (4/4)
 A - a sack of spiders
Comestibles
 c - 15 bread rations
 d - 9 royal jellies
 t - 8 meat rations
 G - 4 fruits


   Skills:
 + Level 12.9 Fighting
 + Level 17.8 Axes
 + Level 12.7 Armour
 - Level 1.5 Dodging


You had 12 spell levels left.
You knew the following spells:

 Your Spells              Type           Power        Failure   Level  Hunger
d - Blink                 Tloc           N/A          69%         2    ###....


Dungeon Overview and Level Annotations

Branches:
Dungeon (14/15)            Temple (0/1) D:4            Lair (6/6) D:9
 Shoals (0/4) Lair:4       Spider (0/4) Lair:2        Slime (0/5) Lair:6
    Orc (0/2) D:12
 Vaults: D:13-14

Altars:
Cheibriados
Elyvilon
Hepliaklqana
Nemelex Xobeh
Okawaru
Qazlal
Sif Muna
Trog
Wu Jian
The Shining One

Shops:
D:7 *   D:11 *

Annotations:
Lair:6 exclusion: oklob plant


Innate Abilities, Weirdness & Mutations

You are resistant to torment.
Your stone body is resilient. (AC +11)
You are immune to poison.
Your large and strong wings let you fly indefinitely.
You resist negative energy. (rN+)
You are resistant to electric shocks. (rElec)
You can survive without breathing.
You are immune to petrification.
You are immune to rotting.


Message History

You are too injured to fight recklessly!
Unknown command.
Your skin crawls.
You feel resistant to hostile enchantments.
You are feeling hungry.
The red ugly thing trunk-slaps you but does no damage.
The brown ugly thing trunk-slaps you but does no damage.
You completely miss the brown ugly thing.
The brown ugly thing is heavily wounded.
You hit the red ugly thing.
The red ugly thing trunk-slaps you but does no damage.
The brown ugly thing trunk-slaps you. The acid corrodes you!
You are splashed with acid!
The acid burns!
The brown ugly thing barely misses you.
The red ugly thing trunk-slaps you but does no damage.
You closely miss the red ugly thing.
The red ugly thing is heavily wounded.
The red ugly thing trunk-slaps you!
You are engulfed in flames!!
The fire burns you terribly!
You die...

...# #..###..# #.....#
...# #.......# #.###.#
...# #.......# #.# #.#
...# #.......# #.# #.#
...# #..##...# #.# #.#
...# #..##...# #.# #.#
...# #..##...# #.# #.#
...# #..##...# #.# #.#
...# #..##...# #@# #.#
...# #..##...###u# #.#
...# #..##......u# #.#
...# #..##....>†.###.#
...# #..##...##......#
...###..##...##......#
........##...##......#
....)...##...##...#..#
........##...##...#..#


You could see 2 ugly things.

Vanquished Creatures
  Nessos (Lair:6)
  A fire dragon (Lair:6)
  Fannar (Lair:1)
  2 centaur warriors (D:13)
  7 hydras
  2 two-headed ogres
  6 death yaks (Lair:4)
  Nergalle (Lair:1)
  Urug (Lair:2)
  An unseen horror (D:13)
  A swamp dragon (Lair:6)
  A lindwurm (Lair:4)
  A wolf spider (Lair:6)
  A deep elf mage (D:13)
  7 ugly things
  3 cyclopes
  A manticore (D:12)
  A guardian serpent (Lair:6)
  An elephant (Lair:4)
  Psyche (D:8)
  5 black mambas
  3 centaur zombies (D:11)
  5 molten gargoyles (D:13)
  2 gargoyles (D:10)
  17 spiny frogs
  6 rime drakes
  7 komodo dragons
  2 ice devils (Lair:6)
  A troll (D:11)
  2 hornets (Lair:6)
  2 polar bears
  5 blink frogs (Lair:5)
  8 hippogriffs
  2 slime creatures (Lair:6)
  5 redbacks (Lair:6)
  Sigmund (D:6)
  A shadow (D:13)
  A spriggan (D:12)
  16 wyverns
  3 basilisks
  A hungry ghost (D:7)
  2 steam dragons
  34 yaks
  2 acid dragons
  23 water moccasins
  6 porcupines
  3 eyes of draining
  10 orc warriors
  5 ice beasts
  3 black bears
  3 swamp drakes (Lair:6)
  3 phantoms
  5 sky beasts
  9 wolves
  13 ogres
  12 centaurs
  18 crocodiles
  3 big kobolds
  11 bullfrogs
  3 gnoll sergeants
  2 wyvern zombies
  5 jellies
  A scorpion (D:13)
  5 wights (D:6)
  8 killer bees
  2 howler monkeys (D:9)
  9 crimson imps
  3 hounds
  13 orc wizards
  A centaur skeleton (D:9)
  8 orc priests
  5 bullfrog skeletons
  2 iguanas
  11 worker ants
  A hound zombie (D:8)
  A worker ant zombie (D:8)
  18 gnolls
  14 adders
  A shadow imp (D:10)
  2 adder zombies
  A worm (D:2)
  3 dart slugs
  8 leopard geckos
  55 orcs
  3 ball pythons
  8 giant cockroaches
  3 goblins
  9 hobgoblins
  14 jackals
  19 kobolds
  2 quokkas
  A ball python skeleton (D:6)
  4 bats
  9 frilled lizards
  A leopard gecko skeleton (D:4)
  2 quokka skeletons
  4 rats (D:3)
  4 fungi
  2 plants (Lair:6)
568 creatures vanquished.

Vanquished Creatures (others)
  A steam dragon (Lair:6)
  A bat (D:2)
  15 fungi
  35 plants
52 creatures vanquished.

Grand Total: 620 creatures vanquished

Notes
Turn   | Place    | Note
-------+----------+-------------------------------------------
     0 | D:1      | HAL9000 the Gargoyle Berserker began the quest for the Orb.
     0 | D:1      | Reached XP level 1. HP: 14/14 MP: 1/1
   127 | D:1      | Reached skill level 3 in Axes
   241 | D:1      | Reached XP level 2. HP: 19/19 MP: 2/2
  1082 | D:2      | Reached XP level 3. HP: 22/23 MP: 3/3
  1212 | D:2      | Reached skill level 4 in Axes
  1214 | D:2      | Reached ** piety under Trog
  1578 | D:2      | Reached XP level 4. HP: 22/28 MP: 4/4
  1897 | D:2      | Found a stormy altar of Qazlal.
  2106 | D:2      | Reached skill level 5 in Axes
  2106 | D:2      | Reached XP level 5. HP: 32/32 MP: 5/5
  2408 | D:3      | Found a bloodstained altar of Trog.
  2409 | D:3      | Noticed an eye of draining
  2421 | D:3      | Killed an eye of draining
  2421 | D:3      | Reached skill level 6 in Axes
  2421 | D:3      | Reached XP level 6. HP: 37/37 MP: 6/6
  2561 | D:3      | Reached *** piety under Trog
  2647 | D:3      | Found a white marble altar of Elyvilon.
  3192 | D:4      | Found an iron altar of Okawaru.
  3254 | D:4      | Found a staircase to the Ecumenical Temple.
  3431 | D:4      | Reached skill level 7 in Axes
  3431 | D:4      | Reached XP level 7. HP: 36/41 MP: 7/7
  3673 | D:4      | Found a bloodstained altar of Trog.
  3741 | D:5      | Entered Level 5 of the Dungeon
  4001 | D:5      | Found a sparkling altar of Nemelex Xobeh.
  4301 | D:5      | Reached skill level 8 in Axes
  4526 | D:6      | Noticed Sigmund
  4533 | D:6      | Killed Sigmund
  4533 | D:6      | Reached XP level 8. HP: 46/46 MP: 8/8
  4660 | D:6      | Reached skill level 9 in Axes
  4721 | D:6      | Reached **** piety under Trog
  5041 | D:6      | Reached skill level 10 in Axes
  5315 | D:7      | Found a glowing golden altar of the Shining One.
  5342 | D:7      | Reached XP level 9. HP: 51/51 MP: 9/9
  5433 | D:7      | Found Sogeathre's Assorted Antiques.
  5442 | D:7      | Bought a faintly humming hat for 189 gold pieces
  5456 | D:7      | Identified the cursed -2 hat of Filth {rF+ MR+ Str+4} (You bought it in a shop on level 7 of the Dungeon)
  5550 | D:7      | Reached skill level 11 in Axes
  5738 | D:7      | Received a gift from Trog
  5980 | D:7      | Bought a scroll of teleportation for 63 gold pieces
  5980 | D:7      | Bought a scroll labeled XIONIPRAARE for 21 gold pieces
  5980 | D:7      | Bought a scroll labeled NAOMUX RUOCAJ for 21 gold pieces
  5980 | D:7      | Bought a glowing cyan potion for 18 gold pieces
  6016 | D:8      | Found an ornate altar of the Wu Jian Council.
  6018 | D:8      | Found a hazy altar of Hepliaklqana.
  6521 | D:8      | Reached skill level 12 in Axes
  6551 | D:8      | Found a deep blue altar of Sif Muna.
  6726 | D:8      | Noticed a two-headed ogre
  6737 | D:8      | Killed a two-headed ogre
  6737 | D:8      | Reached XP level 10. HP: 23/56 MP: 10/10
  7174 | D:8      | Noticed Psyche
  7184 | D:8      | Killed Psyche
  7184 | D:8      | Reached ***** piety under Trog
  7184 | D:8      | Reached skill level 13 in Axes
  7476 | D:9      | Found a staircase to the Lair.
  7478 | D:9      | Found a deep blue altar of Sif Muna.
  7707 | Lair:1   | Entered Level 1 of the Lair of Beasts
  7988 | D:9      | Got a steaming broad axe
  7996 | D:9      | Identified the +9 broad axe of the Wasp {chop, +Inv rF- Dex+4 SInv} (You found it on level 9 of the Dungeon)
  8376 | D:9      | Reached skill level 14 in Axes
  8548 | D:10     | Entered Level 10 of the Dungeon
  8653 | D:10     | Noticed a two-headed ogre
  8658 | D:10     | Killed a two-headed ogre
  8688 | D:10     | Noticed a cyan ugly thing
  8694 | D:10     | Killed a cyan ugly thing
  8694 | D:10     | Reached XP level 11. HP: 60/60 MP: 11/11
  9253 | D:10     | Reached skill level 15 in Axes
  9679 | D:11     | Noticed a cyclops
  9830 | Lair:1   | Received a gift from Trog
 10380 | Lair:1   | Noticed Nergalle
 10381 | Lair:1   | Noticed Fannar
 10385 | Lair:1   | Killed Nergalle
 10385 | Lair:1   | Reached skill level 5 in Fighting
 10400 | Lair:1   | Killed Fannar
 10484 | Lair:1   | Reached skill level 5 in Armour
 10532 | Lair:1   | Found a snail-covered altar of Cheibriados.
 10786 | Lair:1   | Reached XP level 12. HP: 46/70 MP: 12/12
 11774 | Lair:2   | Got a sparkling ivory ring
 11807 | Lair:2   | Noticed Urug
 11825 | Lair:2   | Killed Urug
 11903 | Lair:2   | Received a gift from Trog
 11933 | Lair:2   | Found a hole to the Spider Nest.
 12336 | Lair:2   | Reached skill level 16 in Axes
 12342 | Lair:2   | Identified the ring "Ophezxi" {Wiz rPois Dex+3} (You found it on level 2 of the Lair of Beasts)
 12505 | Lair:3   | Noticed a six-headed hydra
 12512 | Lair:3   | Killed a seven-headed hydra
 13433 | Lair:4   | Noticed a death yak
 13434 | Lair:4   | Noticed a death yak
 13434 | Lair:4   | Noticed a death yak
 13434 | Lair:4   | Noticed a death yak
 13434 | Lair:4   | Noticed a death yak
 13434 | Lair:4   | Noticed a death yak
 13452 | Lair:4   | Killed a death yak
 13456 | Lair:4   | Killed a death yak
 13461 | Lair:4   | Killed a death yak
 13462 | Lair:4   | Killed a death yak
 13462 | Lair:4   | Reached XP level 13. HP: 80/80 MP: 13/13
 13514 | Lair:4   | Found a staircase to the Shoals.
 14541 | Lair:5   | You fall through a shaft!
 14541 | Lair:6   | Entered Level 6 of the Lair of Beasts
 14547 | Lair:6   | Reached skill level 10 in Fighting
 14837 | Lair:6   | Reached skill level 10 in Armour
 14901 | Lair:6   | Received a gift from Trog
 15023 | Lair:6   | Found a staircase to the Slime Pits.
 15466 | Lair:6   | Noticed Nessos
 15496 | Lair:6   | Killed Nessos
 15628 | Lair:6   | Gained mutation: Your large and strong wings let you fly indefinitely. [Gargoyle growth]
 15628 | Lair:6   | Reached XP level 14. HP: 67/90 MP: 14/14
 15652 | Lair:6   | Reached skill level 17 in Axes
 16525 | Lair:6   | Was placed under penance by Trog
 16528 | Lair:6   | Learned a level 2 spell: Blink
 17455 | D:11     | Was forgiven by Trog
 17624 | D:11     | Found Noddu's Assorted Antiques.
 17976 | D:12     | Found a staircase to the Orcish Mines.
 17979 | D:12     | Received a gift from Trog
 18067 | D:12     | Reached ****** piety under Trog
 18844 | D:12     | Found a sparkling altar of Nemelex Xobeh.
 19503 | D:13     | Received a gift from Trog
 20169 | D:13     | Reached XP level 15. HP: 73/97 MP: 15/15
 20439 | D:13     | Slain by a red ugly thing

Vault maps used:
D:1:      minmay_arrival_stone_box
D:2:      cheibrodos_pilgrimage, nicolae_qazlal_eye_of_the_storm
D:3:      elyvilon_altar_3, trog_eyes_of_draining
D:4:      kennysheep_little_box, okawaru_trees_2,
          minmay_temple_entry_glassed_door, first_bread
D:5:      nemelex_altar_shiori, glass_columns_c
D:6:      uniq_sigmund
D:7:      basic_altar, serial_shops, nicolae_shop_crystal
D:8:      lemuel_crystal_altar, chequers_temple_overflow_statue_of_worship,
          uniq_psyche
D:9:      lair_entry_dummy, basic_altar
D:11:     serial_shops, nicolae_shop_temple_entry_statues_fountains
D:12:     david_orc_2, the_bakery, nemelex_diamond_rough_becter
D:13:     minivault_8
D:14:     erik_vaults_1, yredelemnul_altar_generic, basic_altar
Lair:1:   wad_woods_structure_01, basic_altar, beast_lair_carwin_9, uniq_fannar,
          uniq_nergalle
Lair:2:   dummy_spider_entry, uniq_urug
Lair:4:   shoals_dummy_entry, beast_lair_carwin_2
Lair:6:   guppyfry_lair_end_dragon, hangedman_lair_tendril_chambers,
          minmay_slime_entry_pillars, portal_ice_cave_demonic_guard, uniq_nessos

Skill      XL: |  1  2  3  4  5  6  7  8  9 10 11 12 13 14 |
---------------+-------------------------------------------+-----
Axes           | 3 4 5 6 7 8 10 12 14 15 16 17 | 17.8
Armour         | 5 8 10 12 | 12.7
Fighting       | 6 9 11 12 | 12.9
Dodging        | |  1.5

Action                   |  1- 3 |  4- 6 |  7- 9 | 10-12 | 13-15 || total
-------------------------+-------+-------+-------+-------+-------++-------
Melee: Hand axe          |    72 |       |       |       |       ||    72
       War axe           |    24 |   144 |   380 |   115 |       ||   663
       Broad axe         |       |       |       |   333 |   668 ||  1001
Throw: Javelin           |       |       |     1 |     7 |     5 ||    13
       Throwing net      |       |       |       |     2 |       ||     2
       Tomahawk          |       |       |       |     1 |       ||     1
Invok: Berserk           |     1 |     3 |     9 |     9 |     5 ||    27
       Trog's Hand       |       |       |       |     4 |     7 ||    11
Evoke: Wand              |       |       |       |     3 |     6 ||     9
  Use: Scroll            |       |       |     8 |     9 |     7 ||    24
 Stab: Distracted        |       |       |       |       |     1 ||     1
       Confused          |       |       |       |       |     1 ||     1
  Eat: Chunk             |     3 |     9 |    20 |    25 |    25 ||    82
       Royal jelly       |       |       |       |     2 |       ||     2
       Fruit             |       |       |       |     2 |     7 ||     9
Armor: Animal skin       |    25 |    21 |       |       |       ||    46
       Scale mail        |       |    70 |    11 |       |       ||    81
       Chain mail        |       |       |   270 |   248 |   591 ||  1109
Dodge: Dodged            |    71 |   113 |   154 |   133 |   313 ||   784
